 Dungeon Crawl Stone Soup version 0.29.1-13-g9f3cf754e1 (webtiles) character file.

Game seed: 16018775963610458788

203 ANNNA the Digger (level 5, -2/38 HPs)
             Began as a Gnoll Earth Elementalist on Jan 24, 2023.
             Slain by a hornet (4 damage)
             ... while paralysed by a hornet
             ... on level 7 of the Dungeon.
             The game lasted 00:15:51 (3486 turns).

ANNNA the Digger (Gnoll Earth Elementalist)         Turns: 3486, Time: 00:15:52

Health: -2/38      AC:  4    Str:  9    XL:     5   Next: 81%
Magic:  9/12       EV:  2    Int: 15    God:
Gold:   171        SH:  0    Dex: 12    Spells: 4/14 levels left

rFire   . . .      SeeInvis .   v - +3 dagger (elec)
rCold   . . .      Faith    .   (no shield)
rNeg    . . .      Spirit   .   a - +0 robe
rPois   .          Reflect  +   (no helmet)
rElec   .          Harm     .   f - +0 cloak
rCorr   .          Rampage  .   (no gloves)
Will    .....                   t - +0 pair of boots
Stlth   +++.......              e - amulet of reflection
HPRegen 0.12/turn               (no ring)
MPRegen 0.13/turn               (no ring)

@: paralysed, slowed
A: fangs 1, strong nose, distributed training
a: no special abilities


You were on level 7 of the Dungeon.
You visited 1 branch of the dungeon, and saw 5 of its levels.

You collected 190 gold pieces.
You spent 19 gold pieces at shops.

Inventory:

Hand Weapons
 v - a +3 dagger of electrocution (weapon)
Missiles
 j - 22 stones
 k - 3 curare-tipped darts
 q - 4 poisoned darts
 x - a throwing net
Armour
 a - a +0 robe (worn)
 f - a +0 cloak (worn)
 l - a +0 buckler
 t - a +0 pair of boots (worn)
Magical Staves
 c - a staff of death
Jewellery
 e - an amulet of reflection (around neck)
Scrolls
 g - 4 scrolls of identify {unknown}
 h - a scroll of summoning {unknown}
 n - a scroll of butterflies {unknown}
 o - 3 scrolls of teleportation {unknown}
 p - a scroll of vulnerability {unknown}
 r - a scroll of blinking {unknown}
 y - a scroll of immolation {unknown}
Potions
 b - 3 potions of magic
 d - 3 potions of curing {unknown}
 i - a potion of heal wounds {unknown}
 m - a potion of cancellation {unknown}
 s - 2 potions of lignification {unknown}
 u - a potion of mutation {unknown}
 w - a potion of brilliance {unknown}


   Skills:
 + Level 1.7 Fighting
 + Level 1.7 Short Blades
 + Level 1.7 Long Blades
 + Level 1.7 Axes
 + Level 1.7 Maces & Flails
 + Level 1.7 Polearms
 + Level 1.7 Staves
 + Level 1.7 Ranged Weapons
 + Level 1.7 Throwing
 + Level 1.7 Armour
 + Level 4.9 Dodging
 + Level 4.5 Stealth
 + Level 1.7 Shields
 + Level 1.7 Unarmed Combat
 + Level 5.2 Spellcasting
 + Level 1.3 Conjurations
 + Level 1.3 Hexes
 + Level 1.3 Summonings
 + Level 1.3 Necromancy
 + Level 1.3 Translocations
 + Level 2.5 Transmutations
 + Level 1.3 Fire Magic
 + Level 1.3 Ice Magic
 + Level 1.3 Air Magic
 + Level 5.6 Earth Magic
 + Level 1.3 Poison Magic
 + Level 1.9 Invocations
 + Level 1.7 Evocations


You had 4 spell levels left.
You knew the following spells:

 Your Spells              Type           Power      Damage    Failure   Level
a - Sandblast             Erth           40%        2d10      1%          1
b - Passwall              Tmut/Erth      13%        N/A       4%          2
c - Stone Arrow           Conj/Erth      28%        3d8       12%         3
d - Petrify               Tmut/Erth      16%        N/A       30%         4

Your spell library contained the following spells:

 Spells                   Type           Power      Damage    Failure   Level
 Freezing Cloud           Conj/Ice/Air   4%         6-21      94%         5
 Simulacrum               Ice/Necr       4%         N/A       100%        6
 Polar Vortex             Ice            4%         N/A       100%        9


Dungeon Overview and Level Annotations

Branches:
Dungeon (4/15)
 Temple: D:4-7

Altars:
Fedhas
Ru

Shops:
D:1 *


Innate Abilities, Weirdness & Mutations

You have very sharp teeth.
Your uncanny sense of smell can sniff out nearby items.
Your experience applies equally to all skills.


Message History

The blast of sand hits the iguana but does no damage.
Casting: Sandblast (safe; 1% risk of failure)
Confirm with . or Enter, or press ? or * to list all spells.
Aiming: Sandblast (safe; 1% risk of failure)
Press: ? - help, Shift-Dir - straight line, f/p - iguana
Aim: an iguana (moderately wounded, poisoned, 85% to hit)
The blast of sand hits the iguana but does no damage.
The iguana is moderately wounded.
The iguana bites you.
A hornet comes into view.
The hornet buzzes angrily.
The iguana looks more healthy.
A steam dragon comes into view.
Casting: Sandblast (safe; 1% risk of failure)
Confirm with . or Enter, or press ? or * to list all spells.
Aiming: Sandblast (safe; 1% risk of failure)
Press: ? - help, Shift-Dir - straight line, f/p - iguana
Aim: an iguana (heavily wounded, 85% to hit)
The blast of sand hits the iguana!
You kill the iguana!
The steam dragon hisses angrily.
Casting: Sandblast (safe; 1% risk of failure)
Confirm with . or Enter, or press ? or * to list all spells.
Aiming: Sandblast (safe; 1% risk of failure)
Press: ? - help, Shift-Dir - straight line, f - hornet
Aim: a hornet (74% to hit)
The blast of sand hits the hornet!
The hornet is moderately wounded.
The hornet misses you. The hornet attacks as you move away!
The hornet stings you.
You suddenly lose the ability to move!
The hornet stings you!
You feel yourself slow down. The hornet stings you!
* * * LOW HITPOINT WARNING * * *
You shrug off the repeated paralysis!
You feel yourself speed up. The hornet stings you.
* * * LOW HITPOINT WARNING * * *
You feel yourself slow down. The hornet stings you.
You die...

#.........)...#
#...........###
#...............
###.#######..⌠.K
#.# ..... #.# .###.
#.######....
########.##........
.......#@##........
(.((.....y.........
.......#######.....
....... ... ....=..
. .....## .....#(
.... ## ###. ..


You could see a hornet.

Vanquished Creatures
  An iguana (D:7)
  Robin (D:3)
  An adder (D:2)
  3 gnolls (D:4)
  4 worms
  4 dart slugs
  4 orcs (D:3)
  3 endoplasms (D:1)
  4 giant cockroaches
  11 hobgoblins
  13 jackals
  10 kobolds
  2 quokkas
  8 ball pythons
  8 bats
  4 frilled lizards
  14 goblins
  3 rats
98 creatures vanquished.

Vanquished Creatures (others)
  A goblin (D:3)
1 creature vanquished.

Grand Total: 99 creatures vanquished

Notes
Turn   | Place    | Note
-------+----------+-------------------------------------------
     0 | D:1      | ANNNA the Gnoll Earth Elementalist began the quest for the
                  | Orb.
     0 | D:1      | Reached XP level 1. HP: 13/13 MP: 6/6
    24 | D:1      | Reached XP level 2. HP: 13/19 MP: 0/7
   370 | D:1      | Learned a level 2 spell: Passwall
   390 | D:1      | Reached skill level 5 in Spellcasting
   390 | D:1      | Reached XP level 3. HP: 25/25 MP: 5/9
   459 | D:1      | Found Kaych's General Store.
   463 | D:1      | Bought 3 curare-tipped darts for 19 gold pieces
   480 | D:1      | Learned a level 3 spell: Stone Arrow
   713 | D:1      | Found a faded altar of an unknown god.
   716 | D:1      | Reached skill level 1 in Invocations
  1223 | D:2      | Reached skill level 1 in Fighting
  1223 | D:2      | Reached skill level 1 in Short Blades
  1223 | D:2      | Reached skill level 1 in Long Blades
  1223 | D:2      | Reached skill level 1 in Axes
  1223 | D:2      | Reached skill level 1 in Maces & Flails
  1223 | D:2      | Reached skill level 1 in Polearms
  1223 | D:2      | Reached skill level 1 in Staves
  1223 | D:2      | Reached skill level 1 in Ranged Weapons
  1223 | D:2      | Reached skill level 1 in Throwing
  1223 | D:2      | Reached skill level 1 in Armour
  1223 | D:2      | Reached skill level 1 in Shields
  1223 | D:2      | Reached skill level 1 in Unarmed Combat
  1223 | D:2      | Reached skill level 1 in Evocations
  1367 | D:2      | Found a blossoming altar of Fedhas.
  1583 | D:2      | Reached XP level 4. HP: 23/32 MP: 4/11
  1671 | D:2      | Learned a level 4 spell: Petrify
  1809 | D:2      | Reached skill level 1 in Conjurations
  1809 | D:2      | Reached skill level 1 in Hexes
  1809 | D:2      | Reached skill level 1 in Summonings
  1809 | D:2      | Reached skill level 1 in Necromancy
  1809 | D:2      | Reached skill level 1 in Translocations
  1809 | D:2      | Reached skill level 1 in Fire Magic
  1809 | D:2      | Reached skill level 1 in Ice Magic
  1809 | D:2      | Reached skill level 1 in Air Magic
  1809 | D:2      | Reached skill level 1 in Poison Magic
  2093 | D:3      | Noticed Robin
  2124 | D:3      | Killed Robin
  2125 | D:3      | Reached XP level 5. HP: 14/37 MP: 0/12
  2517 | D:3      | Found a sacrificial altar of Ru.
  3108 | D:4      | Noticed a black bear
  3448 | D:4      | You fall into a shaft and drop 3 floors!
  3457 | D:7      | Noticed a kobold brigand
  3478 | D:7      | Noticed a hornet
  3479 | D:7      | Noticed a steam dragon
  3484 | D:7      | Paralysed by a hornet for 3 turns
  3486 | D:7      | Slain by a hornet

Illustrated notes

Levels and vault maps discovered:
D:1:      eino_arrival_cavern_d, layout_loops_ring, serial_shops, shop,
          ebering_ecumenical_altar_ruins, minmay_nonomino_d4
D:2:      layout_rooms, basic_altar, corexii_leaking_fountain,
          hangedman_decor_push
D:3:      layout_basic, lemuel_doored_altar, minmay_misc_feat_cross, uniq_robin
D:4:      layout_cave_pods, kennysheep_generic_room_6
D:7:      layout_basic, minmay_temple_entry_junction_2, grunt_tough_drop

Skill      XL: |  1  2  3  4 |
---------------+-------------+-----
Transmutations | 2 |  2.5
Spellcasting   | 5 |  5.2
Invocations    | 1 |  1.9
Fighting       | 1 |  1.7
Short Blades   | 1 |  1.7
Long Blades    | 1 |  1.7
Axes           | 1 |  1.7
Maces & Flails | 1 |  1.7
Polearms       | 1 |  1.7
Staves         | 1 |  1.7
Ranged Weapons | 1 |  1.7
Throwing       | 1 |  1.7
Armour         | 1 |  1.7
Shields        | 1 |  1.7
Unarmed Combat | 1 |  1.7
Evocations     | 1 |  1.7
Conjurations   | 1 |  1.3
Hexes          | 1 |  1.3
Summonings     | 1 |  1.3
Necromancy     | 1 |  1.3
Translocations | 1 |  1.3
Fire Magic     | 1 |  1.3
Ice Magic      | 1 |  1.3
Air Magic      | 1 |  1.3
Poison Magic   | 1 |  1.3
Dodging        | |  4.9
Stealth        | |  4.5
Earth Magic    | |  5.6

Action                   |  1- 3 |  4- 6 || total
-------------------------+-------+-------++-------
Melee: Short sword       |    47 |     1 ||    48
       Bite              |     5 |     1 ||     6
       Unarmed           |     1 |       ||     1
       Punch             |     1 |       ||     1
       Dagger            |       |     5 ||     5
Throw: Dart              |     2 |     4 ||     6
 Cast: Sandblast         |    47 |    69 ||   116
       Stone Arrow       |     1 |     3 ||     4
       Petrify           |       |     1 ||     1
 Stab: Sleeping          |     2 |       ||     2
Armor: Robe              |    31 |    13 ||    44
Dodge: Dodged            |    62 |    35 ||    97
Block: Other             |     9 |     9 ||    18
